 Dungeon Crawl Stone Soup version 0.21.1-1-g345015f (webtiles) character file.

9039 Rougoku the Cleaver (level 11, -5/97 HPs)
             Began as a Minotaur Berserker on May 5, 2018.
             Was a High Priest of Trog.
             Slain by an orc warrior
             ... wielding a cursed +0 hand axe
              (10 damage)
             ... on level 2 of the Orcish Mines.
             The game lasted 01:23:12 (10251 turns).

Rougoku the Cleaver (Minotaur Berserker)           Turns: 10251, Time: 01:23:13

Health: -5/97      AC:  0    Str: 23    XL:     11   Next: 17%
Magic:  3/3        EV: 12    Int:  4    God:    Trog [*****.]
Gold:   653        SH: 20    Dex: 14    Spells: 10/10 levels left

rFire    + . .     SeeInvis .   a - +3 war axe (antimagic)
rCold    + . .     Gourm    .   x - +3 large shield
rNeg     . . .     Faith    .   A - +0 chain mail
rPois    +         Spirit   .   (helmet restricted)
rElec    +         Reflect  .   (no cloak)
rCorr    +         Harm     .   (no gloves)
MR       .....                  (no boots)
Stlth    ..........             n - amulet of regeneration
HPRegen  0.66/turn              j - +2 ring of dexterity
MPRegen  0.08/turn              d - +3 ring of evasion

@: resistant, corroded, berserk cooldown, starving, slowed, very slow
A: retaliatory headbutt, horns 2
a: Berserk, Trog's Hand, Brothers in Arms, Burn Spellbooks, Renounce Religion


You were on level 2 of the Orcish Mines.
You worshipped Trog.
Trog was extremely pleased with you.
You were starving.

You visited 3 branches of the dungeon, and saw 11 of its levels.

You collected 653 gold pieces.

Inventory:

Hand Weapons
 a - a +3 antimagic war axe (weapon)
Missiles
 p - 193 stones
 q - 8 tomahawks (quivered)
Armour
 e - a +1 scale mail of magic resistance
 x - a +3 large shield (worn)
 A - a +0 chain mail (worn)
Jewellery
 d - a +3 ring of evasion (right hand)
 j - a +2 ring of dexterity (left hand)
 n - an amulet of regeneration (around neck)
 s - an uncursed ring of flight
Wands
 k - a wand of paralysis (16)
 u - a wand of polymorph (10)
Scrolls
 g - a scroll of enchant weapon
 l - a scroll of fog
 r - 4 scrolls of remove curse
 y - 2 scrolls of identify
Potions
 f - a potion of flight {unknown}
 h - a potion of ambrosia
 i - a potion of brilliance
 m - a potion of invisibility
 t - 2 potions of curing
 v - a potion of mutation
 w - a potion of might
Miscellaneous
 z - a phial of floods
Comestibles
 c - 9 rations


   Skills:
 + Level 9.3 Fighting
 * Level 12.4 Axes
 + Level 9.0 Armour
 + Level 8.1 Dodging
 + Level 8.2 Shields


You had 10 spell levels left.
You didn't know any spells.

Dungeon Overview and Level Annotations

Branches:
Dungeon (9/15)             Temple (1/1) D:6             Orc (2/2) D:9
    Elf (0/3) Orc:2
   Lair: D:8-11

Altars:
Ashenzari
Cheibriados
Dithmenos
Elyvilon
Fedhas
Gozag
Hepliaklqana
Kikubaaqudgha
Makhleb
Nemelex Xobeh
Qazlal
Ru
Sif Muna
Trog
Uskayaw
Vehumet
Wu Jian
Xom
Yredelemnul
Zin
The Shining One
Beogh


Innate Abilities, Weirdness & Mutations

You reflexively headbutt those who attack you in melee.
You have a pair of horns on your head.


Message History

The orc priest casts a cantrip, but nothing happens.
You hit the orc knight but do no damage.
The orc knight is lightly wounded.
You hit the warg but do no damage. You block the warg's attack. x2
The orc priest invokes the aid of Beogh against you.
Beogh smites you!
* * * LOW HITPOINT WARNING * * *
You block the orc knight's attack.
You're still recovering from your berserk rage.
Your ogre goes berserk!
You are starving!
The warg barely misses you. You block the orc warrior's attack.
The orc warrior hits your ogre with a hand axe!
You block the warg's attack.
The orc knight hits you with a battleaxe!!
* * * LOW HITPOINT WARNING * * *
The orc hits you with a short sword.
* * * LOW HITPOINT WARNING * * *
The orc warrior hits you with a hand axe!
You die...

#..............
...............
#.....#........
......#..........
#..#.#...........
#..........o.....
#.#..Ooh........
##...)@oo..(....
#....(.o..(..... .......
##.###.#........ .........
##.####.(.......
#........##...#...........
...........#....).........
...............)##.#..#≈≈§
....#.......#...####..§≈≈≈
...# #.........## #§§≈≈#


You could see an orc knight, a warg, an orc warrior, an orc priest, 2 orcs and a
friendly ogre (berserk).

Vanquished Creatures
  A stone giant (Orc:2)
  A two-headed ogre (Orc:1)
  3 orc sorcerers
  2 cyclopes (Orc:1)
  A troll (Orc:1)
  Grinder (D:3)
  Eustachio (D:4)
  Duvessa (D:4)
  A black bear (D:7)
  11 orc warriors
  2 sky beasts
  A necrophage (D:9)
  8 ogres
  2 centaurs
  A big kobold (D:9)
  A bullfrog (D:6)
  A gnoll sergeant (D:6)
  Dowan (D:4)
  4 scorpions
  5 killer bees (D:7)
  5 wights (D:7)
  7 howler monkeys
  4 crimson imps
  2 hounds
  12 orc priests
  11 orc wizards
  Crazy Yiuf (D:5)
  A centaur skeleton (D:6)
  2 jellies (D:5)
  An iguana (D:4)
  2 bullfrog skeletons (D:5)
  6 worker ants
  A hound zombie (D:6)
  A worker ant zombie (D:6)
  2 river rats (D:4)
  8 adders
  10 gnolls
  2 shadow imps (D:5)
  2 oozes
  2 worms
  4 dart slugs
  The ghost of Iko the Gusty, a weakling VSAE (D:3)
  5 leopard geckos
  48 orcs
  A ball python (D:4)
  4 bats
  5 giant cockroaches
  8 goblins
  5 hobgoblins
  7 jackals
  7 kobolds
  6 quokkas
  6 frilled lizards
  A giant cockroach zombie (D:5)
  2 leopard gecko skeletons
  A leopard gecko zombie (D:5)
  A quokka zombie (D:6)
  8 rats
251 creatures vanquished.

Notes
Turn   | Place    | Note
-------+----------+-------------------------------------------
     0 | D:1      | Rougoku the Minotaur Berserker began the quest for the Orb.
     0 | D:1      | Reached XP level 1. HP: 19/19 MP: 0/0
   271 | D:1      | Reached XP level 2. HP: 27/27 MP: 1/1
   294 | D:1      | Reached skill level 4 in Axes
   776 | D:1      | Reached XP level 3. HP: 31/33 MP: 2/2
  1326 | D:2      | Reached ** piety under Trog
  1629 | D:2      | Reached XP level 4. HP: 40/40 MP: 3/3
  2028 | D:3      | Noticed Iko's ghost (weakling VSAE)
  2032 | D:3      | Killed Iko's ghost
  2229 | D:3      | Noticed Grinder
  2239 | D:3      | Killed Grinder
  2239 | D:3      | Reached skill level 5 in Axes
  2239 | D:3      | Reached skill level 1 in Shields
  2239 | D:3      | Reached XP level 5. HP: 44/47 MP: 4/4
  2239 | D:3      | Reached XP level 6. HP: 52/55 MP: 5/5
  2808 | D:4      | Reached skill level 5 in Fighting
  2808 | D:4      | Reached skill level 6 in Axes
  2984 | D:4      | Found a snail-covered altar of Cheibriados.
  3066 | D:4      | Reached *** piety under Trog
  3066 | D:4      | Reached XP level 7. HP: 61/61 MP: 6/6
  3078 | D:4      | Noticed Eustachio
  3085 | D:4      | Killed Eustachio
  3085 | D:4      | Reached skill level 7 in Axes
  3155 | D:4      | Reached skill level 5 in Armour
  3345 | D:4      | Noticed Dowan
  3347 | D:4      | Noticed Duvessa
  3357 | D:4      | Killed Duvessa
  3357 | D:4      | Reached XP level 8. HP: 70/70 MP: 7/7
  3359 | D:4      | Killed Dowan
  4516 | D:5      | Entered Level 5 of the Dungeon
  4519 | D:5      | Found a sacrificial altar of Ru.
  4620 | D:5      | Reached skill level 8 in Axes
  4853 | D:5      | Reached skill level 5 in Dodging
  5149 | D:5      | Found a runed door.
  5153 | D:5      | Noticed Crazy Yiuf
  5160 | D:5      | Killed Crazy Yiuf
  5732 | D:5      | Found a shimmering altar of Xom.
  5732 | D:5      | Found an ornate altar of the Wu Jian Council.
  5891 | D:6      | Found a staircase to the Ecumenical Temple.
  5916 | D:6      | Reached skill level 9 in Axes
  5916 | D:6      | Reached skill level 5 in Shields
  5975 | Temple   | Entered the Ecumenical Temple
  6275 | D:6      | Reached XP level 9. HP: 78/78 MP: 8/8
  6300 | D:6      | Reached **** piety under Trog
  7213 | D:7      | Found an opulent altar of Gozag.
  7285 | D:7      | Found an opulent altar of Gozag.
  7393 | D:7      | Reached skill level 10 in Axes
  8090 | D:7      | You fall through a shaft for 2 floors!
  8113 | D:9      | Reached ***** piety under Trog
  8355 | D:9      | Found a roughly hewn altar of Beogh.
  8355 | D:9      | Found a staircase to the Orcish Mines.
  8365 | D:9      | Reached XP level 10. HP: 88/88 MP: 9/9
  8384 | Orc:1    | Entered Level 1 of the Orcish Mines
  8500 | Orc:1    | Noticed a cyclops
  8517 | Orc:1    | Killed a cyclops
  8517 | Orc:1    | Reached skill level 11 in Axes
  8760 | Orc:1    | Noticed an orc sorcerer
  8765 | Orc:1    | Noticed a soul eater
  8765 | Orc:1    | Noticed a two-headed ogre
  8766 | Orc:1    | Noticed a smoke demon
  8773 | Orc:1    | Killed an orc sorcerer
  8776 | Orc:1    | Killed a two-headed ogre
  9207 | Orc:1    | Noticed an orc sorcerer
  9210 | Orc:1    | Noticed a cyclops
  9225 | Orc:1    | Noticed a sun demon
  9225 | Orc:1    | Paralysed by an orc sorcerer for 3 turns
  9240 | Orc:1    | Killed an orc sorcerer
  9299 | Orc:1    | Killed a cyclops
  9299 | Orc:1    | Reached skill level 12 in Axes
  9825 | Orc:2    | Entered Level 2 of the Orcish Mines
  9825 | Orc:2    | Found a staircase to the Elven Halls.
  9833 | Orc:2    | Received a gift from Trog
  9956 | Orc:2    | Noticed a stone giant
  9980 | Orc:2    | Killed a stone giant
  9980 | Orc:2    | Reached XP level 11. HP: 17/97 MP: 3/10
 10222 | Orc:2    | Noticed an orc sorcerer
 10229 | Orc:2    | Noticed an orc knight
 10238 | Orc:2    | Killed an orc sorcerer
 10251 | Orc:2    | Slain by an orc warrior

Skill      XL: |  1  2  3  4  5  6  7  8  9 10 11 |
---------------+----------------------------------+-----
Axes           | 4 5 6 7 9 10 12 | 12.4
Fighting       | 4 5 6 7 9 |  9.3
Armour         | 3 4 5 6 7 8 9 |  9.0
Dodging        | 3 4 5 6 8 |  8.1
Shields        | 1 2 3 5 6 8 |  8.2

Action                   |  1- 3 |  4- 6 |  7- 9 | 10-12 || total
-------------------------+-------+-------+-------+-------++-------
Melee: Hand axe          |    74 |    75 |   418 |   148 ||   715
       Headbutt          |    14 |    17 |    96 |    53 ||   180
       War axe           |       |       |       |    45 ||    45
Throw: Stone             |     3 |    40 |   130 |    49 ||   222
       Throwing net      |       |       |     1 |       ||     1
       Tomahawk          |       |       |       |    10 ||    10
Invok: Berserk           |     2 |     6 |    10 |     8 ||    26
       Trog's Hand       |       |       |     1 |     1 ||     2
       Burn Spellbooks   |       |       |     1 |       ||     1
       Brothers in Arms  |       |       |       |     1 ||     1
  Use: Scroll            |       |     9 |    13 |     1 ||    23
       Potion            |       |     1 |       |     2 ||     3
  Eat: Chunk             |     1 |     9 |    17 |     9 ||    36
       Ration            |     1 |       |     3 |     1 ||     5
Armor: Ring mail         |    15 |    16 |       |       ||    31
       Scale mail        |       |     9 |    67 |    23 ||    99
       Chain mail        |       |       |       |     3 ||     3
Dodge: Dodged            |    35 |    16 |   113 |    49 ||   213
Block: Large shield      |       |    36 |   300 |   140 ||   476
